 Dungeon Crawl Stone Soup version 0.24.0-28-g17ded55e90 (webtiles) character file.

Game seed: 8938333567006033271, levelgen mode: deterministic

135580 Flugslaktarn the Severer (level 16, -3/150 HPs)
             Began as a Deep Dwarf Fighter on Nov 12, 2019.
             Was the Champion of Makhleb.
             Slain by an entropy weaver (8 damage)
             ... on level 2 of the Spider Nest.
             The game lasted 00:18:52 (17246 turns).

Flugslaktarn the Severer (Deep Dwarf Fighter)      Turns: 17246, Time: 00:18:53

Health: -3/150     AC:  3    Str: 30    XL:     16   Next: 35%
Magic:  13/13      EV:  8    Int: 14    God:    Makhleb [******]
Gold:   1719       SH:  0    Dex: 12    Spells: 15/15 levels left

rFire    . . .     SeeInvis .   G - +6 broad axe
rCold    + . .     Gourm    .   Q - +0 large shield
rNeg     + + .     Faith    +   U - +0 swamp dragon scales
rPois    +         Spirit   .   m - +2 helmet
rElec    .         Reflect  .   R - +1 cloak
rCorr    .         Harm     .   T - +1 pair of gloves
MR       ++...                  H - +2 pair of boots of the Wasteland {rN+ Str+3}
Stlth    ..........             i - amulet of faith
HPRegen  0.00/turn              c - ring of protection from cold
MPRegen  0.13/turn              J - +3 ring of strength

@: confused, lethally poisoned (-3 -> -12), corroded, non-regenerating
A: damage resistance, heal wounds, claws 1, clever 1, negative energy resistance
1, sense surroundings 2, no potion heal 1, sturdy frame 1, no regeneration
}: 1/15 runes: decaying
a: Heal Wounds, Minor Destruction, Lesser Servant of Makhleb, Major Destruction,
Greater Servant of Makhleb, Renounce Religion


You were on level 2 of the Spider Nest.
You worshipped Makhleb.
Makhleb was exalted by your worship.
You were not hungry.

You visited 4 branches of the dungeon, and saw 22 of its levels.
You also visited: Gauntlet and Ice Cave.

You collected 1719 gold pieces.

Inventory:

Hand Weapons
 G - a +6 broad axe (weapon)
   (You found it on level 8 of the Dungeon)
 L - the +3 war axe of Distraction {drain, rN+}
   (You took it off a minotaur in a Gauntlet)

   A truly terrible weapon, it drains the life of those it strikes.
   It protects you from negative energy.
Armour
 m - a +2 helmet (worn)
   (You found it on level 10 of the Dungeon)
 s - the +11 chain mail "Qotot" {MR++ Int+3}
   (You found it on level 2 of the Lair of Beasts)

   It affects your intelligence (+3).
   It affects your resistance to hostile enchantments.
 D - the +2 plate armour of Wagajipp {rF++}
   (You found it on level 9 of the Dungeon)

   It greatly protects you from fire.
 H - the +2 pair of boots of the Wasteland (worn) {rN+ Str+3}
   (You found it in a Gauntlet)

   It affects your strength (+3).
   It protects you from negative energy.
 M - the +3 plate armour "Tunimaash" {rF+ rC+ rN+ Str-3}
   (You found it on level 2 of the Lair of Beasts)

   It affects your strength (-3).
   It protects you from fire.
   It protects you from cold.
   It protects you from negative energy.
 Q - a +0 large shield (worn)
   (You found it on level 2 of the Lair of Beasts)
 R - a +1 cloak (worn)
   (You found it on level 5 of the Lair of Beasts)
 T - a +1 pair of gloves (worn)
   (You found it on level 4 of the Dungeon)
 U - +0 swamp dragon scales (worn)
   (You found it on level 4 of the Swamp)
Jewellery
 c - a ring of protection from cold (left hand)
   (You found it in an ice cave)
 i - an amulet of faith (around neck)
   (You found it on level 2 of the Lair of Beasts)
 k - an uncursed ring of resist corrosion
   (You found it on level 2 of the Lair of Beasts)
 J - a +3 ring of strength (right hand)
   (You found it in a Gauntlet)
Wands
 a - a wand of paralysis (28)
   (You found it on level 9 of the Dungeon)
 b - a wand of acid (2)
   (You found it on level 5 of the Dungeon)
 q - a wand of clouds (6)
   (You found it on level 4 of the Swamp)
 v - a wand of enslavement (11)
   (You found it on level 3 of the Lair of Beasts)
 y - a wand of iceblast (13)
   (You found it on level 7 of the Dungeon)
Scrolls
 g - 2 scrolls of immolation
 l - 3 scrolls of magic mapping
 o - 12 scrolls of remove curse
 r - 4 scrolls of identify
 u - 3 scrolls of fog
 x - 5 scrolls of holy word
 z - a scroll of blinking
 A - 2 scrolls of vulnerability
 E - 2 scrolls of amnesia
 N - 2 scrolls of fear
 S - a scroll of torment
Potions
 d - 2 potions of might
 h - 3 potions of haste
 j - a potion of brilliance
 n - a potion of resistance
 p - 3 potions of flight
 B - a potion of cancellation {unknown}
 C - a potion of berserk rage
 F - 3 potions of degeneration {unknown}
 I - a potion of lignification
 O - a potion of invisibility
 P - a potion of ambrosia
Comestibles
 e - 36 rations
 f - a chunk of flesh


   Skills:
 + Level 11.3 Fighting
 * Level 17.3 Axes
 + Level 13.1 Armour
 + Level 13.2 Shields
 + Level 14.7 Invocations
 - Level 11.0 Evocations


You had 15 spell levels left.
You didn't know any spells.
Your spell library was empty.

Dungeon Overview and Level Annotations

Branches:
Dungeon (10/15)            Temple (0/1) D:7            Lair (6/6) D:10
  Swamp (4/4) Lair:3       Spider (2/4) Lair:3        Slime (0/5) Lair:6
    Orc (0/2) D:10          IceCv (visited)         Gauntlet (visited)

Altars:
Ashenzari
Fedhas
Gozag
Kikubaaqudgha
Makhleb
Nemelex Xobeh
Ru
Sif Muna
Trog
Vehumet
Wu Jian
Xom
Zin
The Shining One
Jiyva

Shops:
D:4 =

Annotations:
Swamp:2 2 transporters


Innate Abilities, Weirdness & Mutations

You are resistant to damage.
You can heal yourself by infusing magical energy.
You resist negative energy. (rN+)
You passively map the area around you.
You do not regenerate.
You have sharp fingernails.
Your mind is acute. (Int +2)
Potions are less effective at restoring your health.
Your movements are slightly less encumbered by armour. (ER -2)


Message History

* * * LOW HITPOINT WARNING * * *
The entropy weaver hits you but does no damage.
The redback barely misses you.
The jumping spider leaps!
The tarantella bites you!
* * * LOW HITPOINT WARNING * * *
In your confused state, you trip and fall down the stairs.
You climb downwards.
* * * LOW HITPOINT WARNING * * *
You feel very sick.
There is a stone staircase leading up here.
Unknown command.
Unknown command.
Okay, then.
You're too confused!
Unknown command.
Your system partially rejects the healing.
You feel much better.
You feel sick. The redback bites you!
* * * LOW HITPOINT WARNING * * *
The entropy weaver hits you. x2; The entropy weaver hits you!
You die...

### ### ####s# ###
#.###.#@a###.##
#.#...s#s.###.#
##..##.....#^###
#.......###....##
######............#
##.##.........#....###
##...#...<..........#.## ##
#....#....#.........#..#####
.##
##...................##....#


You could see an emperor scorpion, an entropy weaver, a tarantella and a
redback.

Vanquished Creatures
  the Lernaean hydra (Swamp:4)
  A tentacled monstrosity (Swamp:4)
  2 thorn hunters
  An emperor scorpion (Spider:1)
  Nessos (Lair:5)
  A minotaur (Gauntlet)
  A fire dragon (Lair:6)
  Harold (Lair:1)
  15 hydras
  2 ghost crabs
  A catoblepas (Lair:5)
  A two-headed ogre (D:9)
  A queen ant (Lair:2)
  7 alligators
  2 shambling mangroves
  3 death yaks (Lair:6)
  Urug (Lair:6)
  A fire crab (Gauntlet)
  Pikel (D:4)
  10 swamp dragons
  10 wolf spiders
  3 orb spiders (Spider:2)
  2 ugly things (IceCv)
  A moth of wrath (Gauntlet)
  13 elephants
  Joseph (D:7)
  14 black mambas
  3 ice statues (IceCv)
  A gargoyle (D:10)
  20 spiny frogs
  A guardian serpent (Lair:6)
  7 rime drakes
  A komodo dragon (shapeshifter) (Gauntlet)
  3 komodo dragons
  7 demonic crawlers
  A queen bee (shapeshifter) (Gauntlet)
  16 jumping spiders
  11 hornets
  Grinder (D:4)
  2 tyrant leeches
  14 bog bodies
  3 slime creatures (Swamp:2)
  Prince Ribbit (Lair:1)
  27 blink frogs
  A hippogriff (shapeshifter) (Gauntlet)
  Sigmund (D:4)
  7 hippogriffs
  27 yaks
  4 spriggans
  3 hogs (D:8)
  Grum (Lair:1)
  36 redbacks
  4 fire bats (Gauntlet)
  18 wyverns
  2 shadows
  13 tarantellas
  5 basilisks
  A human (D:8)
  2 hungry ghosts
  16 vampire mosquitoes
  A warg (D:10)
  Menkaure (D:7)
  5 insubstantial wisps (Swamp:2)
  10 swamp worms
  20 soldier ants (Lair:2)
  An acid dragon (Lair:6)
  15 water moccasins
  9 porcupines
  8 ice beasts
  A hell hound (Lair:4)
  7 orc warriors
  A sky beast (D:6)
  3 slaves (D:4)
  13 swamp drakes
  A phantom (D:6)
  21 wolves
  2 ogres
  12 crocodiles
  A necrophage (D:9)
  5 centaurs
  9 big kobolds (D:3)
  6 bullfrogs
  A gnoll sergeant (D:3)
  A scorpion (D:10)
  18 killer bees
  2 bullfrog zombies
  9 crimson imps
  3 centaur zombies
  2 quasits
  2 bullfrog skeletons
  9 orc wizards
  3 hounds
  5 jellies
  3 orc priests
  A centaur skeleton (D:6)
  Natasha (thrice) (D:4)
  8 iguanas
  22 worker ants
  2 hound zombies
  A worker ant zombie (D:8)
  8 gnolls
  2 howler monkey zombies
  A howler monkey skeleton (D:4)
  16 adders
  A shadow imp (D:5)
  An ooze (D:2)
  An adder zombie (D:6)
  5 adder skeletons
  A worm (D:5)
  A dart slug (D:3)
  7 leopard geckos
  31 orcs
  7 giant cockroaches
  2 goblins
  5 hobgoblins
  11 jackals
  A quokka (D:5)
  2 ball pythons
  7 bats
  A frilled lizard (D:4)
  A jackal skeleton (D:4)
  49 kobolds
  A leopard gecko skeleton (D:4)
  A quokka skeleton (D:6)
  6 rats
  16 briar patches
  A butterfly (Lair:3)
  8 fungi
  6 plants (Lair:6)
805 creatures vanquished.

Vanquished Creatures (collateral kills)
  3 hydras (Swamp:4)
  3 elephants (Lair:2)
  A spiny frog (Lair:2)
  3 bog bodies (Swamp:4)
  A blink frog (Swamp:4)
  4 vampire mosquitoes (Swamp:4)
  A swamp drake (Swamp:4)
16 creatures vanquished.

Vanquished Creatures (others)
  2 blink frogs (Swamp:4)
  A bog body (Swamp:4)
  A redback (Spider:1)
  A tarantella (Spider:1)
  2 swamp drakes (Swamp:2)
  4 kobolds (D:3)
  20 fungi
  19 plants
50 creatures vanquished.

Grand Total: 871 creatures vanquished

Notes
Turn   | Place    | Note
-------+----------+-------------------------------------------
     0 | D:1      | Flugslaktarn the Deep Dwarf Fighter began the quest for the
                  | Orb.
     0 | D:1      | Reached XP level 1. HP: 20/20 MP: 1/1
   194 | D:1      | Reached XP level 2. HP: 22/27 MP: 2/2
   223 | D:2      | Reached skill level 3 in Axes
   232 | D:2      | Reached XP level 3. HP: 17/33 MP: 3/3
   347 | D:3      | Found a sacrificial altar of Ru.
   350 | D:3      | Found a bloodstained altar of Trog.
   350 | D:3      | Found a burning altar of Makhleb.
   363 | D:3      | Became a worshipper of Makhleb the Destroyer
   417 | D:3      | Reached XP level 4. HP: 42/42 MP: 4/4
   517 | D:3      | Found a sparkling altar of Nemelex Xobeh.
   538 | D:3      | Found a glowing silver altar of Zin.
   685 | D:3      | Reached skill level 1 in Invocations
   724 | D:3      | Found a shimmering blue altar of Sif Muna.
   827 | D:3      | Noticed an ogre
   827 | D:3      | Noticed a gnoll sergeant
   849 | D:3      | Killed an ogre
   849 | D:3      | Reached * piety under Makhleb
   849 | D:3      | Reached skill level 4 in Axes
   849 | D:3      | Reached XP level 5. HP: 29/49 MP: 4/6
   857 | D:3      | Reached XP level 6. HP: 12/56 MP: 7/7
  1033 | D:3      | Reached skill level 5 in Axes
  1060 | D:3      | Reached XP level 7. HP: 58/63 MP: 9/9
  1077 | D:3      | Reached skill level 5 in Shields
  1085 | D:3      | Reached ** piety under Makhleb
  1090 | D:3      | Reached skill level 5 in Armour
  1127 | D:3      | Reached skill level 6 in Axes
  1766 | D:4      | Reached *** piety under Makhleb
  1766 | D:4      | Reached XP level 8. HP: 72/73 MP: 10/10
  1819 | D:4      | Noticed Natasha
  1831 | D:4      | Killed Natasha
  1864 | D:4      | Noticed Sigmund
  1879 | D:4      | Killed Sigmund
  1879 | D:4      | Reached skill level 1 in Evocations
  1923 | D:4      | Noticed Grinder
  1932 | D:4      | Noticed Natasha
  1943 | D:4      | Killed Natasha
  1945 | D:4      | Paralysed by Grinder for 6 turns
  1958 | D:4      | Killed Grinder
  2210 | D:4      | Noticed Natasha
  2220 | D:4      | Killed Natasha
  2220 | D:4      | Reached skill level 7 in Axes
  2436 | D:4      | Reached skill level 5 in Invocations
  2449 | D:4      | Found Xeinoumm's Jewellery Shoppe.
  2464 | D:4      | Found an ancient bone altar of Kikubaaqudgha.
  2497 | D:4      | Noticed Pikel
  2528 | D:4      | Killed Pikel
  2528 | D:4      | Reached skill level 5 in Fighting
  2528 | D:4      | Gained mutation: You passively map the area around you.
                  | [Deep Dwarf growth]
  2528 | D:4      | Reached XP level 9. HP: 30/81 MP: 7/9
  2953 | D:5      | Entered Level 5 of the Dungeon
  3132 | D:5      | Reached skill level 8 in Axes
  3354 | D:5      | Found an opulent altar of Gozag.
  3713 | D:6      | Reached **** piety under Makhleb
  3899 | D:6      | Found a shattered altar of Ashenzari.
  3901 | D:6      | Found an ornate altar of the Wu Jian Council.
  4008 | D:6      | Reached skill level 5 in Evocations
  4052 | D:6      | Got a fine scale mail
  4063 | D:6      | Identified the +6 scale mail of Xojaih {rElec rN++ Dex+3}
                  | (You found it on level 6 of the Dungeon)
  4100 | D:6      | Found a bloodstained altar of Trog.
  4131 | D:6      | Reached skill level 9 in Axes
  4545 | D:7      | Reached XP level 10. HP: 91/91 MP: 10/10
  4560 | D:7      | Found a burning altar of Makhleb.
  4560 | D:7      | Noticed a cacodemon
  4601 | D:7      | Found a staircase to the Ecumenical Temple.
  4696 | D:7      | Noticed Joseph
  4715 | D:7      | Killed Joseph
  4874 | D:7      | Noticed Menkaure
  4882 | D:7      | Killed Menkaure
  5289 | D:8      | Found a glowing golden altar of the Shining One.
  5498 | D:8      | Found a blossoming altar of Fedhas.
  6149 | D:9      | Found a radiant altar of Vehumet.
  6151 | D:9      | Noticed a two-headed ogre
  6172 | D:9      | Killed a two-headed ogre
  6172 | D:9      | Reached skill level 10 in Axes
  6204 | D:9      | Got a jewelled plate armour
  6215 | D:9      | Identified the +2 plate armour of Wagajipp {rF++} (You
                  | found it on level 9 of the Dungeon)
  6465 | D:9      | Reached ***** piety under Makhleb
  6740 | D:10     | Entered Level 10 of the Dungeon
  6779 | D:10     | Found a staircase to the Lair.
  6784 | D:10     | Noticed a gargoyle
  6796 | D:10     | Killed a gargoyle
  6796 | D:10     | Reached XP level 11. HP: 49/99 MP: 10/10
  6799 | Lair:1   | Entered Level 1 of the Lair of Beasts
  6817 | D:10     | Gained mutation: You have a pair of small antennae on your
                  | head. [potion of mutation]
  6817 | D:10     | Gained mutation: You have sharp fingernails. [potion of
                  | mutation]
  6818 | D:10     | Lost mutation: You have sharp fingernails. [potion of
                  | mutation]
  6818 | D:10     | Lost mutation: You have a pair of small antennae on your
                  | head. [potion of mutation]
  6818 | D:10     | Gained mutation: Your mind is acute. (Int +2) [potion of
                  | mutation]
  6818 | D:10     | Gained mutation: Potions are less effective at restoring
                  | your health. [potion of mutation]
  6818 | D:10     | Gained mutation: You have sharp fingernails. [potion of
                  | mutation]
  6818 | D:10     | Gained mutation: Your movements are slightly less
                  | encumbered by armour. (ER -2) [potion of mutation]
  7109 | D:10     | Found a shimmering altar of Xom.
  7256 | D:10     | Found a staircase to the Orcish Mines.
  8102 | Lair:1   | Noticed a six-headed hydra
  8114 | Lair:1   | Killed a nine-headed hydra
  8196 | Lair:1   | Noticed Prince Ribbit
  8206 | Lair:1   | Killed Prince Ribbit
  8230 | Lair:1   | Reached skill level 11 in Axes
  8275 | Lair:1   | Noticed Harold
  8276 | Lair:1   | Noticed Grum
  8298 | Lair:1   | Killed Harold
  8304 | Lair:1   | Killed Grum
  9083 | Lair:2   | Noticed a queen ant
  9106 | Lair:2   | Killed a queen ant
  9152 | Lair:2   | Reached XP level 12. HP: 109/109 MP: 12/12
  9245 | Lair:2   | Reached ****** piety under Makhleb
  9385 | Lair:2   | Reached skill level 12 in Axes
  9387 | Lair:2   | Found a gate leading to a gauntlet.
  9444 | Gauntlet | Entered a Gauntlet
  9444 | Gauntlet | Found a transporter.
  9444 | Gauntlet | Found a transporter.
  9444 | Gauntlet | Found a transporter.
  9445 | Gauntlet | Found a transporter.
  9446 | Gauntlet | Found a transporter.
  9449 | Gauntlet | Found a transporter.
  9455 | Gauntlet | Found a transporter.
  9457 | Gauntlet | Found a transporter.
  9458 | Gauntlet | Found a transporter.
  9460 | Gauntlet | Found a transporter.
  9468 | Gauntlet | Found a transporter.
  9468 | Gauntlet | Found a transporter.
  9569 | Gauntlet | Noticed an emperor scorpion
  9590 | Gauntlet | Noticed a dire elephant
  9590 | Gauntlet | an emperor scorpion changed into a dire elephant
  9593 | Gauntlet | Noticed a fire giant
  9593 | Gauntlet | a dire elephant changed into a fire giant
  9691 | Gauntlet | Reached skill level 10 in Invocations
  9744 | Gauntlet | Got a pair of translucent boots
  9746 | Gauntlet | Identified Uxar's Guide on Flying Envenoming
  9759 | Gauntlet | Identified the +2 pair of boots of the Wasteland {rN+
                  | Str+3} (You found it in a Gauntlet)
  9798 | Gauntlet | Identified the +3 war axe of Distraction {drain, rN+}
  9798 | Gauntlet | Noticed a minotaur
  9811 | Gauntlet | Killed a minotaur
  9818 | Gauntlet | Identified Uruthroc's Catalogue of the Flamy Oath
 10031 | Lair:2   | Got a faintly humming plate armour
 10032 | Lair:2   | Identified the +3 plate armour "Tunimaash" {rF+ rC+ rN+
                  | Str-3} (You found it on level 2 of the Lair of Beasts)
 10220 | Lair:2   | Noticed a five-headed hydra
 10229 | Lair:2   | Killed a seven-headed hydra
 10239 | Lair:2   | Reached skill level 10 in Shields
 10494 | Lair:2   | Got a heavily runed chain mail
 10505 | Lair:2   | Identified the +11 chain mail "Qotot" {MR++ Int+3} (You
                  | found it on level 2 of the Lair of Beasts)
 10593 | Lair:3   | Reached skill level 10 in Evocations
 10652 | Lair:3   | Found a hole to the Spider Nest.
 10807 | Lair:3   | Reached skill level 13 in Axes
 10870 | Lair:3   | Reached XP level 13. HP: 118/118 MP: 13/13
 10885 | Lair:3   | Found a staircase to the Swamp.
 10886 | Lair:3   | Reached skill level 10 in Armour
 11900 | Lair:4   | Reached skill level 14 in Axes
 12075 | Lair:5   | Found a frozen archway.
 12090 | Lair:5   | Noticed Nessos
 12118 | Lair:5   | Killed Nessos
 12129 | IceCv    | Entered an ice cave
 12356 | Lair:5   | Gained mutation: You resist negative energy. (rN+) [Deep
                  | Dwarf growth]
 12356 | Lair:5   | Reached XP level 14. HP: 100/129 MP: 12/12
 13072 | Lair:6   | Entered Level 6 of the Lair of Beasts
 13075 | Lair:6   | Noticed Urug
 13106 | Lair:6   | Killed Urug
 13219 | Lair:6   | Paralysed by a hornet for 3 turns
 13254 | Lair:6   | Paralysed by a hornet for 3 turns
 13481 | Lair:6   | Reached skill level 15 in Axes
 13790 | Lair:6   | Found a staircase to the Slime Pits.
 13791 | Lair:6   | Found a viscous altar of Jiyva.
 14214 | Lair:6   | Reached skill level 10 in Fighting
 14486 | Swamp:1  | Entered Level 1 of the Swamp
 14794 | Swamp:2  | Found an ornate altar of the Wu Jian Council.
 14975 | Swamp:2  | Found a transporter.
 14997 | Swamp:2  | Reached XP level 15. HP: 125/138 MP: 12/12
 15313 | Swamp:2  | Found a transporter.
 15365 | Swamp:3  | Paralysed by a hornet for 1 turns
 15396 | Swamp:3  | Noticed a thorn hunter
 15411 | Swamp:3  | Killed a thorn hunter
 15478 | Swamp:3  | Reached skill level 16 in Axes
 15605 | Swamp:4  | Entered Level 4 of the Swamp
 15605 | Swamp:4  | Noticed a thorn hunter
 15621 | Swamp:4  | Killed a thorn hunter
 16073 | Swamp:4  | Noticed the 27-headed Lernaean hydra
 16091 | Swamp:4  | Noticed a tentacled monstrosity
 16093 | Swamp:4  | Killed the 27-headed Lernaean hydra
 16122 | Swamp:4  | Killed a tentacled monstrosity
 16147 | Swamp:4  | Got a decaying rune of Zot
 16614 | Spider:1 | Entered Level 1 of the Spider Nest
 16651 | Spider:1 | Reached XP level 16. HP: 138/150 MP: 12/12
 16702 | Spider:2 | Reached skill level 17 in Axes
 17244 | Spider:1 | HP: 6/150 [tarantella (10)]
 17245 | Spider:2 | HP: 2/150 [poisoned by a redback]
 17246 | Spider:2 | Slain by an entropy weaver

Levels and vault maps discovered:
D:1:      erik_arrival_cave_to_civilisation [erik_arrival_cave_to_temple],
          layout_basic, lexackson_kobold_supper
D:2:      layout_rooms, serial_forest, infiniplex_forest_clump_medium,
          infiniplex_forest_clump_curved, infiniplex_forest_clump_small,
          infiniplex_forest_clump_diagonal, infiniplex_forest_straight_3,
          infiniplex_forest_clump_medium
D:3:      minmay_goblin_kobold_castle, layout_rooms, nemelex_altar_shiori,
          grunt_temple_overflow_open, old_standard_altar, zin_scriptorium,
          first_ration, hangedman_feature_mirror, minmay_divided_ellipse
D:4:      mumra_celtic_spiral_tile, layout_basic, kennysheep_mini_moat,
          serial_shops, shop, uniq_natasha, uniq_grinder, uniq_sigmund,
          uniq_pikel
D:5:      layout_basic, marbit_many_paths
D:6:      layout_basic, minitemple, trog_butcher_becter
D:7:      layout_cave_pods, minmay_temple_entry_grid, makhleb_altar_promises_db,
          uniq_joseph, uniq_menkaure
D:8:      layout_loops_ring, tso_metal_star, lemuel_doored_altar,
          grunt_livestock
D:9:      layout_basic, vehumet_crystals
D:10:     layout_layer_cave, lair_entry_dummy, david_orc_3, tgw_xom
Lair:1:   layout_cave_pods, lemuel_fruit_tree, grunt_megastairs_2, uniq_grum,
          uniq_prince_ribbit2, uniq_harold
Lair:2:   layout_chaotic_city, gauntlet_entry_generic, minivault_29,
          grunt_megastairs_1
Lair:3:   layout_roguey, skrybe_swamp_entry_bodies, dummy_spider_entry,
          lemuel_fruit_fields, grunt_megastairs_3
Lair:4:   layout_roguey, special_room [special_room_mythical_zoo],
          hangedman_lair_generics_rect, lemuel_fruit_fields
Lair:5:   layout_regular_city, portal_ice_cave_entry_pillars_2, uniq_nessos
Lair:6:   hangedman_lair_tendril_chambers, layout_cave_pods,
          guppyfry_lair_end_dragon, slime_altar_1, uniq_urug
Swamp:1:  layout_basic_swamp, serial_swamp_ruin, evilmike_swamp_ruin_rubble_1,
          hangedman_swamp_ruin_wall, evilmike_swamp_ruin_house_4
Swamp:2:  gammafunk_the_bubble [the_bubble_gammafunk_plus_minus],
          layout_basic_swamp, basic_altar
Swamp:3:  layout_falls_marsh, nicolae_swamp_very_dense_foliage,
          infiniplex_staircase_pool
Swamp:4:  grunt_swamp_rune_castle, layout_basic_swamp, swamp_pool1,
          infiniplex_staircase_pool_2
Spider:1: layout_spider_delve
Spider:2: layout_spider_delve

Skill      XL: |  1  2  3  4  5  6  7  8  9 10 11 12 13 14 15 16 |
---------------+-------------------------------------------------+-----
Axes           | 3 4 5 6 7 9 10 11 13 14 15 16 17 | 17.3
Fighting       | 3 4 5 6 7 8 9 10 11 | 11.3
Shields        | 4 5 6 7 8 9 10 11 12 13 | 13.2
Invocations    | 1 2 3 4 5 6 8 9 10 12 13 14 | 14.7
Armour         | 4 5 6 7 8 9 10 11 12 13 | 13.1
Evocations     | 3 5 7 8 10 11 | 11.0

Action                   |  1- 3 |  4- 6 |  7- 9 | 10-12 | 13-15 | 16-18 || total
-------------------------+-------+-------+-------+-------+-------+-------++-------
Melee: War axe           |   113 |   127 |   476 |   340 |  1265 |       ||  2321
       Hand axe          |       |       |    90 |       |       |       ||    90
       Broad axe         |       |       |       |   687 |    24 |   161 ||   872
Invok: Lesser Servant of |       |       |       |     1 |     3 |       ||     4
       Greater Servant o |       |       |       |       |     2 |       ||     2
 Abil: Heal Wounds       |     2 |     4 |    11 |     9 |    12 |       ||    38
Evoke: Wand              |       |       |     2 |     9 |    28 |       ||    39
  Use: Potion            |       |       |     1 |     4 |    10 |     4 ||    19
       Scroll            |       |       |       |    25 |     9 |     1 ||    35
 Stab: Paralysed         |       |       |       |     3 |     9 |       ||    12
       Invisible         |       |       |       |       |    13 |       ||    13
       Confused          |       |       |       |       |     2 |       ||     2
  Eat: Chunk             |       |     1 |    11 |    20 |    20 |     3 ||    55
       Ration            |       |       |     4 |     2 |       |       ||     6
Armor: Scale mail        |    56 |    73 |   104 |   100 |       |       ||   333
       Chain mail        |       |       |   185 |    16 |   719 |       ||   920
       Plate armour      |       |       |       |   572 |    14 |       ||   586
       Swamp dragon scal |       |       |       |       |   228 |   218 ||   446
       Skin              |       |       |       |       |   183 |       ||   183
Dodge: Dodged            |    43 |    54 |   167 |   303 |   374 |   100 ||  1041
Block: Shield            |    77 |    92 |   332 |   618 |       |       ||  1119
       Large shield      |       |       |       |    87 |  1566 |   303 ||  1956
